 Dungeon Crawl Stone Soup version 0.31-a0-846-gb3bcc0d938 (webtiles) character file.

Game seed: 12293351136312278786

1689 lunkers the Grappler (level 9, 0/57 HPs)
             Began as a Meteoran Shapeshifter on Oct 3, 2023.
             Was a Believer of Hepliaklqana.
             Killed from afar by an electric eel (10 damage)
             ... with a bolt of electricity
             ... on level 6 of the Dungeon.
             The game lasted 00:05:22 (1990 turns).

lunkers the Grappler (Meteoran Shapeshifter)        Turns: 1990, Time: 00:05:23

Health: 0/57       AC:  7    Str: 17    XL:     9   Next: 46%
Magic:  10/10      EV: 10    Int: 13    God:    Hepliaklqana [**....]
Gold:   316        SH:  0    Dex: 16    Spells: 8/8 levels left

rFire   + .          .
                       - Unarmed
rCold   . . .        (no shield)
rNeg    . . .        h - +1 scale mail
rPois   .            (helmet currently unavailable)
rElec   .            (cloak currently unavailable)
rCorr   .            (gloves currently unavailable)
SInv    .            (boots currently unavailable)
Will    +....        (no amulet) Stlth
                     (no ring)
HPRegen 0.29/turn    (no ring)
MPRegen 0.12/turn

%: no passive effects
@: beast-form, glowing
A: beast (slay +4), reduced essence, sense surroundings 2, otherworldly,
glowing, explore regen, claws 1, fire resistance 1
a: Begin Untransformation, Renounce Religion, Recall Ancestor, Ancestor Identity


You were on level 6 of the Dungeon.
You worshipped Hepliaklqana.
Hepliaklqana was pleased with you.
You were a hulking beast.
You visited 1 branch of the dungeon, and saw 6 of its levels.

You collected 316 gold pieces.

Inventory:

Hand Weapons
 j - a +3 quarterstaff of chaos
Armour
 f - the +11 chain mail "Kipronun" {Rampage rC- Will+ Int+3}
   (You found it on level 6 of the Dungeon)

   Int+3:     It affects your intelligence (+3).
   rC-:       It makes you vulnerable to cold.
   Will+:     It increases your willpower.
   Rampage:   It bestows one free step when moving towards enemies.
 h - a +1 scale mail (worn)
 k - a +0 cloak
 x - a +0 pair of boots
Talismans
 c - a beast talisman (active)
 d - a flux talisman
Scrolls
 a - a scroll of enchant weapon
 e - 2 scrolls of amnesia
 i - a scroll of teleportation
Potions
 b - a potion of lignification
 g - 2 potions of ambrosia
 l - a potion of curing
 p - a potion of might
 q - a potion of cancellation
 t - a potion of heal wounds {unknown}
 u - a potion of brilliance {unknown}
 w - a potion of degeneration {unknown}


   Skills:
 - Level 1.1 Fighting
 - Level 2.1 Dodging
 * Level 11.4 Unarmed Combat
 + Level 8.0 Shapeshifting


You had 8 spell levels left.
You didn't know any spells.
Your spell library contained the following spells:

 Spells                   Type           Power      Damage    Failure   Level
 Sting                    Tmut/Pois      0%         1d3       75%         1
 Poisonous Vapours        Pois/Air       0%         N/A       86%         2
 Dazzling Flash           Conj/Hex       0%         N/A       98%         3
 Olgreb's Toxic Radiance  Pois           0%         N/A       100%        4
 Agony                    Necr           0%         N/A       100%        5
 Silence                  Hex/Air        0%         N/A       100%        5


Dungeon Overview and Level Annotations

Branches:
Dungeon (6/15) Zot: 1640   Temple (0/1) D:6

Altars:
Fedhas
Gozag
Hepliaklqana
Kikubaaqudgha
Ru
Trog
Uskayaw

Shops:
D:5 *


Innate Abilities, Weirdness & Mutations

You are a hulking beast.
Your limbs bulge with bestial killing power. (Slay +4)
Your life essence is reduced to manifest your ancestor. (-10% HP)
You passively map the area around you.
You are easily found by Zot.
You glow in the dark.
You regain HP and MP as you explore.
You have sharp fingernails.
Your flesh is heat resistant. (rF+)


Message History

The bolt of electricity hits the plant!
The plant begins to die.
The bolt of electricity hits you!
There is a stone staircase leading down here.
Yadidatum points at the orc and mumbles some strange words.
The stone arrow hits the orc.
The orc dies!
You see here a scroll of enchant weapon.
a - a scroll of enchant weapon An electric eel comes into view.
A nearby plant withers and dies.
The electric eel shoots out a bolt of lightning at you!
The bolt of electricity misses you. The shadow hits you.
Okay, then.
You claw the shadow!
The shadow is heavily damaged.
Yadidatum closely misses the shadow.
You mangle the shadow!!
You destroy the shadow!
Your Shapeshifting skill increases to level 8!
You swap places.
The orc closely misses you.
You scratch the orc. You claw the orc, but do no damage.
The orc is moderately wounded.
The orc hits you but does no damage.
The orc barely misses Yadidatum.
You claw the orc!
You kill the orc!
The electric eel shoots out a bolt of lightning at you!
The bolt of electricity hits you!
The electric eel shoots out a bolt of lightning at you!
The bolt of electricity hits you!
* * * LOW HITPOINT WARNING * * *
The electric eel shoots out a bolt of lightning at you!
The bolt of electricity hits you!
* * * LOW HITPOINT WARNING * * *
The electric eel shoots out a bolt of lightning at you!
The bolt of electricity hits the plant!
The plant begins to die.
The bolt of electricity hits you!
* * * LOW HITPOINT WARNING * * *
The electric eel shoots out a bolt of lightning at you!
The bolt of electricity hits you!
You die...

#####.# #)# #.<.# #.#
###. ###.# #.# #.. #.#
##.## #.# #.#
##...####.## #.#
##.....##...##### #.#
##.........>.....# #.#
#................♣♣#.#
..........)....RhS♣..#
###.....##).)♣♣..~♣
##....###.♣~...~~♣
##.#.# ♣♣~~~...~~~♣
###.♣ ~P~~....P~~♣
#.~~~~P~~...S~~♣
#.♣~~~~~~..~~~~♣ **
♣~~~~♣...~~♣♣ * * <*
~~, ~~


You could see the friendly Yadidatum the battlemage and 2 electric eels.

Vanquished Creatures
  A shadow (D:6)
  A vampire mosquito (D:6)
  A steam dragon (D:6)
  A black bear (D:6)
  An ice beast (D:5)
  An ogre (D:6)
  A kobold brigand (D:4)
  A phantom (D:5)
  A bullfrog (D:6)
  A scorpion (D:6)
  A howler monkey (D:6)
  A jelly (D:5)
  Crazy Yiuf (D:2)
  2 hounds
  A gnoll bouda (D:6)
  A sleepcap (D:6)
  Jessica (D:2)
  An iguana (D:6)
  An orc wizard (D:6)
  7 adders
  2 gnolls (D:6)
  An ufetubus (D:5)
  4 dart slugs
  3 orcs
  5 bats
  6 endoplasms
  3 giant cockroaches
  10 goblins
  6 hobgoblins
  3 quokkas
  5 ball pythons
  2 frilled lizards
  3 kobolds
  8 rats
88 creatures vanquished.

Vanquished Creatures (collateral kills)
  A bullfrog (D:6)
  A howler monkey (D:6)
  An orc priest (D:6)
  A jelly (D:4)
  2 sleepcaps
  An iguana (D:6)
  3 gnolls (D:6)
  An adder (D:6)
  3 orcs (D:6)
  3 ball pythons
  2 goblins
  A hobgoblin (D:2)
  A quokka (D:4)
21 creatures vanquished.

Vanquished Creatures (others)
  2 ancestors (D:2)
2 creatures vanquished.

Grand Total: 111 creatures vanquished

Notes
Turn   | Place    | Note
-------+----------+-------------------------------------------
     0 | D:1      | lunkers the Meteoran Shapeshifter began the quest for the
                  | Orb.
     0 | D:1      | Reached XP level 1. HP: 16/16 MP: 2/2
    94 | D:1      | Reached XP level 2. HP: 22/23 MP: 3/3
   119 | D:1      | Reached skill level 4 in Unarmed Combat
   275 | D:1      | Reached XP level 3. HP: 27/28 MP: 4/4
   278 | D:1      | Found a faded altar of an unknown god.
   364 | D:1      | Prayed at the altar of an unknown god.
   364 | D:1      | Became a worshipper of Hepliaklqana the Forgotten
   364 | D:1      | Reached * piety under Hepliaklqana
   449 | D:2      | Noticed Jessica
   458 | D:2      | Killed Jessica
   459 | D:2      | Reached skill level 5 in Unarmed Combat
   459 | D:2      | Reached XP level 4. HP: 15/31 MP: 5/5
   525 | D:2      | Reached XP level 5. HP: 35/36 MP: 6/6
   594 | D:2      | Found a runed translucent door.
   595 | D:2      | Noticed Crazy Yiuf
   677 | D:2      | Gained mutation: You have sharp fingernails. [potion of
                  | mutation]
   677 | D:2      | Gained mutation: Your flesh is heat resistant. (rF+)
                  | [potion of mutation]
   679 | D:2      | Killed Crazy Yiuf
   680 | D:2      | Reached skill level 6 in Unarmed Combat
   773 | D:2      | Found a hide-covered altar of Uskayaw.
   974 | D:3      | Found a bloodstained altar of Trog.
  1035 | D:3      | Found a sacrificial altar of Ru.
  1188 | D:3      | Reached ** piety under Hepliaklqana
  1194 | D:3      | Remembered your ancestor Yadidatum as a battlemage
  1271 | D:4      | Reached XP level 6. HP: 42/42 MP: 7/7
  1286 | D:4      | Found a blossoming altar of Fedhas.
  1318 | D:4      | Reached skill level 5 in Shapeshifting
  1393 | D:4      | Reached skill level 7 in Unarmed Combat
  1457 | D:5      | Entered Level 5 of the Dungeon
  1457 | D:5      | Noticed an ice beast
  1457 | D:5      | Found an opulent altar of Gozag.
  1461 | D:5      | Killed an ice beast
  1462 | D:5      | Reached XP level 7. HP: 46/46 MP: 8/8
  1470 | D:5      | Found Xiaxt's Overcharged Wands.
  1488 | D:5      | Reached skill level 8 in Unarmed Combat
  1703 | D:6      | Found a staircase to the Ecumenical Temple.
  1720 | D:6      | Reached XP level 8. HP: 46/53 MP: 9/9
  1726 | D:6      | Identified the +11 chain mail "Kipronun" {Rampage rC- Will+
                  | Int+3}
  1795 | D:6      | Reached skill level 9 in Unarmed Combat
  1814 | D:6      | Found an ancient bone altar of Kikubaaqudgha.
  1877 | D:6      | Noticed a vampire mosquito
  1885 | D:6      | Killed a vampire mosquito
  1886 | D:6      | Reached skill level 10 in Unarmed Combat
  1907 | D:6      | Gained mutation: You passively map the area around you.
                  | [Meteoran growth]
  1907 | D:6      | Reached XP level 9. HP: 32/57 MP: 10/10
  1939 | D:6      | Reached skill level 11 in Unarmed Combat
  1990 | D:6      | Killed from afar by an electric eel

Illustrated notes

Levels and vault maps discovered:
D:1:      kennysheep_arrival_forest, layout_loops_ring,
          hellmonk_ecumenical_altar_arch_garden, minivault_4,
          nrook_loot_triangle, chequers_serial_rivers_micro_a
D:2:      layout_rooms, basic_altar, uniq_crazy_yiuf_cottage, uniq_jessica
D:3:      layout_basic, xom_teletrap_fun, nicolae_ru_great_annihilating_truth,
          nicolae_overflow_crystal_walls
D:4:      layout_gridville, mainiacjoe_overflow_chevrons, slow_altar_2
D:5:      layout_basic, mainiacjoe_overflow_small_starburst,
          nicolae_shop_overcharged_wands, uniq_eustachio
D:6:      cheibrodos_barr_body, layout_loops_ring,
          mainiacjoe_overflow_boulevard, minmay_temple_entry_statues_fountains,
          serial_bayou, serial_bayou_pond_d, serial_bayou_ford_a,
          serial_bayou_pond_d, serial_bayou_pond_e, serial_bayou_pond_c,
          serial_bayou_lagoon_a

Skill      XL: |  1  2  3  4  5  6  7  8  9 |
---------------+----------------------------+-----
Unarmed Combat | 4 5 6 7 8 10 11 | 11.4
Shapeshifting  | 4 5 6 7 8 |  8.0
Fighting       | |  1.1
Dodging        | |  2.1

Action                     |  1- 3 |  4- 6 |  7- 9 || total
---------------------------+-------+-------+-------++-------
  Melee: Unarmed           |    62 |    89 |    84 ||   235
         Punch             |     1 |     1 |    10 ||    12
 Invoke: Ancestor Life: Ba |       |     1 |       ||     1
    Use: Potion            |       |     2 |       ||     2
         Scroll            |       |       |    13 ||    13
   Stab: Paralysed         |       |     1 |       ||     1
         Distracted        |       |     1 |       ||     1
 Armour: Animal skin       |    11 |       |       ||    11
         Scale mail        |    21 |    52 |    57 ||   130
  Dodge: Dodged            |    28 |    40 |    28 ||    96

Table legend: (Time is in decaauts)
 A = Elapsed time spent in this place.
 B = Non-inter-level travel time spent in this place.
 C = Inter-level travel time spent in this place.
 D = Time resting spent in this place.
 E = Time spent auto-exploring this place.
 F = Levels seen in this place.
 G = Mean time per level.
                   A        B        C        D        E       F      G
               +--------+--------+--------+--------+--------+-----+--------+
         Total |   1959 |   1888 |     71 |      0 |   1195 |   6 |  326.5 |
       Dungeon |   1959 |   1888 |     71 |      0 |   1195 |   6 |  326.5 |
               +--------+--------+--------+--------+--------+-----+--------+

Top non-repeatable levels by time:
     D:1: 436 daAuts
     D:2: 389 daAuts
     D:3: 374 daAuts
     D:6: 287 daAuts
     D:4: 241 daAuts
     D:5: 230 daAuts
